 Dungeon Crawl Stone Soup version 0.21.1-1-g345015fe64 (webtiles) character file.

8451 Rawrzzor the Blocker (level 11, 0/83 HPs)
             Began as a Demonspawn Fighter on Apr 8, 2018.
             Was a Believer of Cheibriados.
             Killed from afar by an electric eel (4 damage)
             ... with a bolt of electricity
             ... on level 10 of the Dungeon.
             The game lasted 00:42:18 (8913 turns).

Rawrzzor the Blocker (Demonspawn Fighter)           Turns: 8913, Time: 00:42:18

Health: 0/83       AC: 20    Str: 27    XL:     11   Next: 10%
Magic:  0/11       EV:  7    Int: 15    God:    Cheibriados [**....]
Gold:   178        SH: 24    Dex: 18    Spells: 10/10 levels left

rFire    + . .     SeeInvis .   H - +5 morningstar (freeze)
rCold    . . .     Gourm    .   w - +3 large shield
rNeg     . . .     Faith    .   s - +0 plate armour
rPois    .         Spirit   +   (no helmet)
rElec    .         Reflect  +   v - scarf {cloud immunity}
rCorr    .         Harm     .   D - +0 pair of gloves
MR       .....                  (no boots)
Stlth    ..........             B - +3 amulet of reflection
HPRegen  0.23/turn              b - +2 ring of protection
MPRegen  0.12/turn              G - ring of fire

@: flying, very slow
A: hooves 2, icy blue scales 3, powered by death 2, magic shield
a: Bend Time, Renounce Religion


You were on level 10 of the Dungeon.
You worshipped Cheibriados.
Cheibriados was pleased with you.
You were completely stuffed.

You visited 2 branches of the dungeon, and saw 11 of its levels.

You collected 450 gold pieces.
You spent 272 gold pieces at shops.

Inventory:

Hand Weapons
 a - a +2 long sword of protection
 n - a +1 war axe of venom
 H - a +5 morningstar of freezing (weapon)
Armour
 s - a +0 plate armour (worn)
 v - a scarf of cloud immunity (worn)
 w - a +3 large shield (worn)
 D - a +0 pair of gloves (worn)
Magical Staves
 l - an uncursed staff of power
Jewellery
 b - a +2 ring of protection (left hand)
 B - a +3 amulet of reflection (around neck)
 C - an uncursed ring of protection from cold
 E - a +4 ring of intelligence
 G - a ring of fire (right hand)
Wands
 e - a wand of iceblast (5)
 o - a wand of flame (19)
 y - a wand of polymorph (5)
Scrolls
 g - 2 scrolls of magic mapping
 h - a scroll of brand weapon {unknown}
 i - a scroll of fog {unknown}
 j - 3 scrolls of fear
 k - a scroll of amnesia {unknown}
 q - 7 scrolls of teleportation
 u - a scroll of blinking
 x - 2 scrolls of remove curse
Potions
 c - a potion of flight
 d - a potion of might
 m - 2 potions of lignification
 p - a potion of invisibility
 t - 2 potions of brilliance
 z - a potion of curing
 A - a potion of resistance
 F - a potion of cancellation
Books
 r - a book of Battle

   Spells                             Type                      Level
   a - Infusion                       Charms                       1
   b - Shroud of Golubria             Charms/Translocation         2
   c - Song of Slaying                Charms                       2
   d - Spectral Weapon                Hexes/Charms                 3
   e - Regeneration                   Charms/Necromancy            3
Comestibles
 f - 16 rations


   Skills:
 + Level 6.9 Fighting
   Level 5.5(6.3) Short Blades
 + Level 4.6(5.9) Long Blades
 + Level 5.1 Maces & Flails
 + Level 7.1 Armour
 + Level 5.1 Dodging
 + Level 1.9 Stealth
 + Level 8.5 Shields


You had 10 spell levels left.
You didn't know any spells.

Dungeon Overview and Level Annotations

Branches:
Dungeon (10/15)            Temple (1/1) D:7             Orc (0/2) D:10
   Lair: D:8-11

Altars:
Ashenzari
Cheibriados
Dithmenos
Elyvilon
Fedhas
Gozag
Hepliaklqana
Kikubaaqudgha
Makhleb
Nemelex Xobeh
Okawaru
Qazlal
Ru
Sif Muna
Trog
Uskayaw
Vehumet
Wu Jian
Xom
Yredelemnul
Zin
The Shining One

Shops:
D:7 ?


Innate Abilities, Weirdness & Mutations

You have hoof-like feet.
You are completely covered in icy blue scales. (AC +4, rC+)
You regenerate health from kills.
When hurt, damage is shared between your health and your magic reserves.


Message History

The electric eel shoots out a bolt of lightning at you!
The bolt of electricity hits you!
* * * LOW HITPOINT WARNING * * *
The bolt of electricity hits you!
* * * LOW HITPOINT WARNING * * *
The bolt of electricity hits the electric eel.
The electric eel completely resists.
It was a potion of flight.
You feel very buoyant.
You fly up into the air.
The electric eel shoots out a bolt of lightning at you!
The bolt of electricity hits you!
* * * LOW HITPOINT WARNING * * *
The bolt of electricity hits you!
* * * LOW HITPOINT WARNING * * *
The bolt of electricity hits the electric eel.
The electric eel completely resists.
The electric eel shoots out a bolt of lightning at you!
The bolt of electricity hits you! x2
You die...

≈≈≈≈≈≈≈≈≈###.####.##
≈≈≈≈≈≈≈≈≈≈##.# #)#
≈≈≈≈≈≈≈≈≈≈≈..# #.#
≈≈≈≈≈≈≈≈≈≈≈≈.# #.#
≈≈≈≈≈≈≈≈≈≈≈#.# #.#
.≈≈≈≈≈≈≈≈≈.#.# #.#
.#≈≈≈≈≈≈≈#.#)# #.#
.≈≈≈≈≈≈≈≈≈.#)#
≈≈≈≈≈≈≈≈≈≈@).#
≈≈≈≈≈≈≈≈≈≈#..#
≈≈≈≈≈≈)≈;##..#
≈≈≈≈≈≈#≈###..#
.≈≈≈≈#### #..# >≈≈≈#
##># ≈o≈ ### ;≈ ≈


You could see an electric eel.

Vanquished Creatures
  2 two-headed ogres (D:9)
  A troll (D:10)
  A queen bee (D:8)
  Grinder (D:5)
  3 hippogriffs
  4 yaks (D:9)
  A hungry ghost (D:10)
  3 steam dragons (D:9)
  2 water moccasins
  3 sky beasts
  3 phantoms (D:5)
  4 ice beasts
  3 orc warriors
  2 black bears
  5 ogres
  4 centaurs
  4 bullfrogs
  Blork the orc (D:5)
  A wyvern zombie (D:7)
  A scorpion (D:4)
  18 killer bees (D:8)
  4 electric eels (D:10)
  5 wights (D:8)
  A howler monkey (D:8)
  A centaur zombie (D:5)
  A quasit (D:8)
  A crimson imp (D:7)
  6 orc priests
  A centaur skeleton (D:6)
  2 hounds
  A bullfrog skeleton (D:9)
  4 orc wizards
  3 iguanas
  6 worker ants
  9 gnolls
  9 adders
  A shadow imp (D:6)
  2 adder skeletons
  4 worms
  5 dart slugs
  7 leopard geckos
  34 orcs
  3 giant cockroaches
  6 hobgoblins
  5 jackals
  4 quokkas
  3 ball pythons
  6 bats
  A frilled lizard (D:5)
  6 goblins
  4 kobolds
  A leopard gecko skeleton (D:7)
  7 rats
220 creatures vanquished.

Vanquished Creatures (others)
  A leopard gecko (D:10)
  2 orcs (D:10)
3 creatures vanquished.

Grand Total: 223 creatures vanquished

Notes
Turn   | Place    | Note
-------+----------+-------------------------------------------
     0 | D:1      | Rawrzzor the Demonspawn Fighter began the quest for the Orb.
     0 | D:1      | Reached XP level 1. HP: 18/18 MP: 1/1
   161 | D:1      | Gained mutation: You regenerate a little health from kills. [demonic ancestry]
   161 | D:1      | Reached XP level 2. HP: 16/24 MP: 2/2
   402 | D:1      | Reached skill level 3 in Shields
   808 | D:1      | Gained mutation: You regenerate health from kills. [demonic ancestry]
   808 | D:1      | Reached XP level 3. HP: 29/29 MP: 3/3
   911 | D:2      | Found an opulent altar of Gozag.
  1718 | D:3      | Gained mutation: When hurt, damage is shared between your health and your magic reserves. [demonic ancestry]
  1718 | D:3      | Reached XP level 4. HP: 15/35 MP: 4/4
  2071 | D:3      | Found an ornate altar of the Wu Jian Council.
  2197 | D:3      | Gained mutation: You have large cloven feet. [demonic ancestry]
  2197 | D:3      | Reached XP level 5. HP: 42/42 MP: 3/5
  2204 | D:3      | Reached skill level 1 in Dodging
  2404 | D:4      | Noticed a centaur
  2406 | D:4      | Noticed an ogre
  2418 | D:4      | Killed a centaur
  2418 | D:4      | Reached XP level 6. HP: 20/48 MP: 2/6
  2679 | D:4      | Reached skill level 4 in Shields
  3245 | D:4      | Found a bloodstained altar of Trog.
  3407 | D:5      | Entered Level 5 of the Dungeon
  3407 | D:5      | Noticed Grinder
  3435 | D:5      | Killed Grinder
  3435 | D:5      | Gained mutation: You are partially covered in icy blue scales. (AC +2) [demonic ancestry]
  3435 | D:5      | Reached XP level 7. HP: 15/55 MP: 4/7
  3450 | D:5      | Found a basalt altar of Yredelemnul.
  3451 | D:5      | Noticed Blork the orc
  3455 | D:5      | Killed Blork the orc
  3521 | D:5      | Found a glowing golden altar of the Shining One.
  3602 | D:5      | Reached skill level 1 in Short Blades
  3602 | D:5      | Reached skill level 5 in Armour
  3602 | D:5      | Gained mutation: You are mostly covered in icy blue scales. (AC +3) [demonic ancestry]
  3602 | D:5      | Reached XP level 8. HP: 39/61 MP: 6/8
  4091 | D:5      | Reached skill level 1 in Stealth
  4114 | D:5      | Reached skill level 5 in Fighting
  4391 | D:5      | Reached skill level 5 in Shields
  5285 | D:7      | Noticed a hippogriff
  5302 | D:7      | Killed a hippogriff
  5302 | D:7      | Gained mutation: You have hoof-like feet. [demonic ancestry]
  5302 | D:7      | Reached XP level 9. HP: 48/68 MP: 7/9
  5372 | D:7      | Found a staircase to the Ecumenical Temple.
  5438 | D:7      | Found Unocuo Pepn's Magic Scroll Shoppe.
  5449 | D:7      | Bought a scroll of enchant armour for 120 gold pieces
  5449 | D:7      | Bought a scroll of enchant weapon for 120 gold pieces
  5449 | D:7      | Bought a scroll of identify for 32 gold pieces
  5888 | D:7      | Found a stormy altar of Qazlal.
  6026 | Temple   | Entered the Ecumenical Temple
  6134 | Temple   | Became a worshipper of Cheibriados the Contemplative
  6251 | D:8      | Reached skill level 6 in Shields
  6355 | D:8      | Reached * piety under Cheibriados
  6366 | D:8      | Noticed a queen bee
  6373 | D:8      | Was placed under penance by Cheibriados
  6377 | D:8      | Killed a queen bee
  6377 | D:8      | Reached skill level 5 in Dodging
  6488 | D:8      | Was forgiven by Cheibriados
  6494 | D:8      | Reached skill level 5 in Short Blades
  6494 | D:8      | Reached skill level 7 in Shields
  6494 | D:8      | Reached XP level 10. HP: 50/76 MP: 8/10
  7530 | D:9      | Noticed a two-headed ogre
  7540 | D:9      | Killed a two-headed ogre
  7540 | D:9      | Reached skill level 1 in Maces & Flails
  7593 | D:9      | Noticed a two-headed ogre
  7601 | D:9      | Killed a two-headed ogre
  7601 | D:9      | Reached skill level 8 in Shields
  7659 | D:9      | Reached ** piety under Cheibriados
  8297 | D:9      | Found a burning altar of Makhleb.
  8297 | D:9      | Found a shadowy altar of Dithmenos.
  8363 | D:9      | Gained mutation: You are completely covered in icy blue scales. (AC +4, rC+) [demonic ancestry]
  8363 | D:9      | Reached XP level 11. HP: 74/83 MP: 9/11
  8415 | D:10     | Entered Level 10 of the Dungeon
  8796 | D:10     | Found a staircase to the Orcish Mines.
  8812 | D:10     | Reached skill level 5 in Maces & Flails
  8912 | D:10     | HP: 4/83 [electric eel/bolt of electricity (5)]
  8913 | D:10     | Killed from afar by an electric eel

Skill      XL: |  1  2  3  4  5  6  7  8  9 10 11 |
---------------+----------------------------------+-----
Long Blades    | 2 3 4 |  4.6
Shields        | 3 4 5 7 8 |  8.5
Armour         | 3 4 5 6 7 |  7.1
Dodging        | 1 2 3 5 |  5.1
Fighting       | 4 5 6 |  6.9
Short Blades   | 1 3 5 |  5.5
Stealth        | 1 |  1.9
Maces & Flails | 4 5 |  5.1

Action                   |  1- 3 |  4- 6 |  7- 9 | 10-12 || total
-------------------------+-------+-------+-------+-------++-------
Melee: Long sword        |   141 |   142 |       |       ||   283
       Kick              |       |    24 |   141 |    88 ||   253
       Short sword       |       |    14 |   438 |    99 ||   551
       Morningstar       |       |       |       |   134 ||   134
  Use: Scroll            |     4 |     3 |     4 |    10 ||    21
       Potion            |       |     3 |     6 |     2 ||    11
 Stab: Invisible         |       |       |     3 |       ||     3
  Eat: Ration            |     1 |     1 |     4 |     3 ||     9
       Chunk             |     1 |       |     2 |       ||     3
Armor: Scale mail        |    34 |       |       |       ||    34
       Ring mail         |    45 |    72 |   109 |       ||   226
       Plate armour      |       |       |    22 |    99 ||   121
       Skin              |       |       |     1 |       ||     1
Dodge: Dodged            |    68 |    70 |    86 |    48 ||   272
Block: Shield            |    89 |    99 |    15 |       ||   203
       Large shield      |       |       |   271 |   224 ||   495
       Rpst.: Long sword |    19 |    27 |       |       ||    46
